 Dungeon Crawl Stone Soup version bcrawl-1.40.1 (webtiles) character file.

Game seed: 12044976687733547413

247012 Mehrunes the Slasher (level 9, -13/54 HPs)
             Began as a Jungle Stalker Fighter on Nov 2, 2023.
             Was an Initiate of Wu Jian.
             Mangled by a purple ugly thing (17 damage)
             ... on level 7 of the Dungeon.
             The game lasted 00:16:05 (6807 turns).

Mehrunes the Slasher (Jungle Stalker Fighter)       Turns: 6807, Time: 00:16:06

Health: -13/54     AC: 14    Str: 20    XL:     9   Next: 41%
Magic:  10/10      EV:  6    Int:  8    God:    Wu Jian [......]
Gold:   420        SH:  2    Dex: 16    Spells: 8/8 levels left

rFire    . . .     GDR:     31% a - +0 long sword
rCold    . . .     SeeInvis .   (no shield)
rNeg     . . .     Gourm    .   y - +0 plate armour
rPois    +         Faith    .   (no helmet)
rElec    .         Spirit   .   o - +0 cloak
rCorr    .         Reflect  .   z - +0 pair of gloves
MR       .....                  (no boots)
Stlth    ..........             f - amulet of regeneration
HPRegen  0.89/turn              (no ring)
MPRegen  0.12/turn              (no ring)

@: about to teleport
A: fangs 3, poison resistance, regeneration 1, acidic bite, no potion heal 3,
rot immunity, strong jaws
a: Renounce Religion


You were on level 7 of the Dungeon.
You worshipped Wu Jian.
Wu Jian was noncommittal.
You were not hungry.

You visited 2 branches of the dungeon, and saw 8 of its levels.
You also visited: Ossuary.

You collected 420 gold pieces.

Inventory:

Hand Weapons
 a - a +0 long sword (weapon)
 b - a +0 hunting sling
Missiles
 m - 964 stones (quivered)
 H - 216 sling bullets
Armour
 c - a +0 medium shield
 o - a +0 cloak (worn)
 y - a +0 plate armour (worn)
 z - a +0 pair of gloves (worn)
Jewellery
 f - an amulet of regeneration (around neck)
 r - a cursed ring of protection from cold {unknown}
 t - a cursed amulet of guardian spirit {unknown}
 w - an uncursed ring of protection from cold {unknown}
Wands
 h - a wand of scattershot (5)
 D - a wand of digging (12)
Scrolls
 g - 3 scrolls of teleportation
 i - a scroll of identify
 j - a scroll of torment {unknown}
 k - 2 scrolls of enchant weapon {unknown}
 n - a scroll of fear {unknown}
 q - 2 scrolls of amnesia
 v - a scroll of immolation {unknown}
 A - a scroll of fog {unknown}
 B - 2 scrolls of enchant armour {unknown}
 C - 2 scrolls of remove curse {unknown}
 I - a scroll of blinking {unknown}
Potions
 d - 2 potions of might
 l - 3 potions of haste
 p - 2 potions of agility
 s - a potion of cancellation
 u - a potion of ambrosia {unknown}
 x - 4 potions of curing {unknown}
 E - 3 potions of mutation {unknown}
 F - a potion of degeneration {unknown}
Comestibles
 e - 9 rations {!d}
 G - 5 chunks of flesh


   Skills:
 + Level 5.3 Fighting
 * Level 6.9 Long Blades
 + Level 4.0 Slings
 + Level 4.7 Armour
 + Level 5.3 Shields


You had 8 spell levels left.
You didn't know any spells.
Your spell library was empty.

Dungeon Overview and Level Annotations

Branches:
Dungeon (7/12)             Temple (1/1) D:6
   Lair: D:7-9

Altars:
Ashenzari
Cheibriados
Dithmenos
Elyvilon
Fedhas
Gozag
Hepliaklqana
Kikubaaqudgha
Lugonu
Nemelex Xobeh
Okawaru
Qazlal
Ru
Sif Muna
Trog
Uskayaw
Vehumet
Wu Jian
Xom
Yredelemnul
Zin
The Shining One

Shops:
D:5 [

Annotations:
D:3 1 exclusion
D:4 exclusion: door
D:5 1 runed door
D:6 2 transporters


Innate Abilities, Weirdness & Mutations

You have razor-sharp teeth.
Your system is resistant to poisons. (rPois)
Your natural rate of healing is unusually fast.
You have acidic saliva.
Potions cannot restore your health.
You are immune to rotting.
Your bites deal extra damage.


Message History

Evoke which item? (* to show all) (? for menu, Esc to quit)
Aiming: Scattershot
Press: ? - help, Shift-Dir - straight line, f/p - purple ugly thing
Aim: a purple ugly thing (heavily wounded)
The burst of metal fragments hits the purple ugly thing. x2
The purple ugly thing is severely wounded.
The purple ugly thing headbutts you.
* * * LOW HITPOINT WARNING * * *
Evoke which item? (* to show all) (? for menu, Esc to quit)
Aiming: Scattershot
Press: ? - help, Shift-Dir - straight line, f/p - purple ugly thing
Aim: a purple ugly thing (severely wounded)
The burst of metal fragments hits the purple ugly thing.
The burst of metal fragments hits the purple ugly thing! x2
The purple ugly thing is almost dead.
The purple ugly thing headbutts you!
* * * LOW HITPOINT WARNING * * *
As you read the scroll of teleportation, it crumbles to dust.
You feel strangely unstable. The purple ugly thing headbutts you!
You die...

...##†..÷..............#.......
#..##...##..##.....#.......
##..##...##..##.....#...##..
+....+..............# #+####
#....#..............#
#...#....##..##......
#.###.)..##..##....... ###
##...##........ #.....u@...$...
########....##..##....
.........<..###+# ...
#########...# . #####


You could see a purple ugly thing.

Vanquished Creatures
  A hungry ghost (D:7)
  2 orc warriors (D:4)
  4 sky beasts
  4 ogres (D:6)
  2 bullfrogs
  2 centaurs (D:5)
  A scorpion (D:6)
  3 orc priests
  2 howler monkeys (D:6)
  A crimson imp (D:5)
  A quasit (D:6)
  5 hounds
  2 jellies
  An iguana (D:5)
  6 orc wizards
  2 worker ants
  A killer bee zombie (D:5)
  A hound skeleton (D:6)
  4 mummies (Ossuary)
  A howler monkey zombie (D:5)
  A gnoll (D:6)
  4 adders
  An ooze (D:2)
  3 adder zombies
  5 adder skeletons
  2 worms
  2 dart slugs (D:1)
  3 leopard geckos
  18 orcs
  4 giant cockroaches
  9 goblins
  10 hobgoblins
  9 jackals
  6 quokkas
  9 bats
  2 frilled lizards
  2 gnoll zombies (Ossuary)
  A goblin zombie (Ossuary)
  A hobgoblin zombie (Ossuary)
  A jackal zombie (Ossuary)
  10 kobolds
  4 orc zombies (Ossuary)
  A quokka skeleton (D:6)
  A quokka zombie (D:5)
  7 rats (D:1)
  2 rat zombies (Ossuary)
  A fungus (D:5)
165 creatures vanquished.

Notes
Turn   | Place    | Note
-------+----------+-------------------------------------------
     0 | D:1      | Mehrunes the Vine Stalker Fighter began the quest for the
                  | Orb.
     0 | D:1      | Reached XP level 1. HP: 13/13 MP: 2/2
    68 | D:1      | Reached skill level 2 in Long Blades
    77 | D:1      | Reached XP level 2. HP: 18/18 MP: 3/3
   290 | D:1      | Reached XP level 3. HP: 20/22 MP: 4/4
  1235 | D:2      | Reached XP level 4. HP: 28/28 MP: 5/5
  1752 | D:3      | Reached skill level 3 in Long Blades
  1793 | D:3      | Reached XP level 5. HP: 32/32 MP: 6/6
  1822 | D:3      | Reached skill level 1 in Slings
  1845 | D:3      | Noticed a sky beast
  1975 | D:3      | Killed a sky beast
  1976 | D:3      | Gained mutation: You have razor-sharp teeth. [Vine Stalker
                  | growth]
  1976 | D:3      | Reached XP level 6. HP: 28/37 MP: 7/7
  2495 | D:3      | Found an ancient bone altar of Kikubaaqudgha.
  3257 | D:5      | Entered Level 5 of the Dungeon
  3343 | D:5      | Reached skill level 4 in Long Blades
  3375 | D:5      | Reached XP level 7. HP: 37/42 MP: 8/8
  3966 | D:5      | Gained mutation: You have acidic saliva. [Jungle Stalker
                  | growth]
  3966 | D:5      | Gained mutation: Your system is resistant to poisons.
                  | (rPois) [Jungle Stalker growth]
  3966 | D:5      | Reached XP level 8. HP: 43/48 MP: 8/9
  3971 | D:5      | Reached skill level 5 in Long Blades
  4242 | D:5      | Found Puts's Antique Armour Shop.
  4479 | D:5      | Found a blossoming altar of Fedhas.
  4673 | D:5      | Found a runed door.
  4936 | D:6      | Found a transporter.
  4959 | D:6      | Found a sand-covered staircase.
  4966 | Ossuary  | Entered an ossuary
  5044 | Ossuary  | Reached skill level 6 in Long Blades
  5266 | D:6      | Reached skill level 5 in Shields
  5266 | D:6      | Reached XP level 9. HP: 53/53 MP: 10/10
  5535 | D:6      | Noticed a centaur warrior
  5539 | D:6      | Found a bloodstained altar of Trog.
  5578 | D:6      | Reached skill level 5 in Fighting
  5592 | D:6      | Found a transporter.
  5708 | D:6      | Found a staircase to the Ecumenical Temple.
  5726 | Temple   | Entered the Ecumenical Temple
  5944 | Temple   | Became a worshipper of the Wu Jian Council
  6276 | D:6      | Found an iron altar of Okawaru.
  6789 | D:7      | Noticed a purple ugly thing
  6807 | D:7      | Mangled by a purple ugly thing

Skill      XL: |  1  2  3  4  5  6  7  8  9 |
---------------+----------------------------+-----
Long Blades    | 2 3 4 6 |  6.9
Shields        | 3 4 5 |  5.3
Fighting       | 3 4 5 |  5.3
Armour         | 3 4 |  4.7
Slings         | 1 2 3 4 |  4.0

Action                   |  1- 3 |  4- 6 |  7- 9 || total
-------------------------+-------+-------+-------++-------
Melee: Long sword        |   104 |   143 |   397 ||   644
       Bite              |     7 |    15 |    50 ||    72
 Fire: Hunting sling     |    20 |    23 |     8 ||    51
 Abil: Whirlwind         |       |       |    68 ||    68
       Lunge             |       |       |     2 ||     2
Evoke: Wand              |       |       |     3 ||     3
  Use: Scroll            |       |     5 |     2 ||     7
  Eat: Chunk             |     5 |    11 |    16 ||    32
       Ration            |       |       |     4 ||     4
Armor: Scale mail        |    68 |    44 |       ||   112
       Chain mail        |       |    20 |    26 ||    46
       Plate armour      |       |       |   278 ||   278
Dodge: Dodged            |    97 |    80 |   110 ||   287
Block: Medium shield     |     2 |       |       ||     2
       Other             |       |       |    23 ||    23
